 Dungeon Crawl Stone Soup version 0.30-a0-879-ga8ba668304 (webtiles) character file.

Game seed: 11555290602230931809

2 bobo the Shooter (level 1, 0/12 HPs)
             Began as a Kobold Hunter on Mar 12, 2023.
             Frozen to death by an endoplasm (5 damage)
             ... on level 1 of the Dungeon.
             The game lasted 00:00:31 (35 turns).

bobo the Shooter (Kobold Hunter)                      Turns: 35, Time: 00:00:31

Health: 0/12       AC:  3    Str:  8    XL:     1   Next: 44%
Magic:  1/1        EV: 14    Int: 10    God:
Gold:   0          SH:  0    Dex: 18    Spells: 0/0 levels left

rFire   . . .      SeeInvis .    a - +0 shortbow
rCold   . . .      Faith    .    (shield currently unavailable)
rNeg    . . .      Spirit   .    c - +0 leather armour
rPois   .          Reflect  .    (no helmet)
rElec   .          Rampage  .    (no cloak)
rCorr   .                        (no gloves)
Will    .....                    (no boots)
Stlth   +++                      (no amulet)
HPRegen 0.22/turn                (no ring)
MPRegen 0.07/turn                (no ring)

@: no status effects
A: small, no large weapons, nightstalker 3
a: no special abilities


You were on level 1 of the Dungeon.
You visited 1 branch of the dungeon, and saw 1 of its levels.

Inventory:

Hand Weapons
 a - a +0 shortbow (weapon)
Armour
 c - a +0 leather armour (worn)
Scrolls
 b - a scroll of immolation


   Skills:
 + Level 2.2 Fighting
 + Level 5.3 Ranged Weapons
 - Level 2.4 Dodging
 + Level 1.6 Stealth


You couldn't memorise any spells.
You didn't know any spells.
Your spell library was empty.

Dungeon Overview and Level Annotations

Branches:
Dungeon (1/15)

Altars:


Innate Abilities, Weirdness & Mutations

You are small and have problems with some larger weapons.
You are completely attuned to the shadows.


Message History

The jackal bites you but does no damage.
The jackal closely misses you. The jackal attacks as you move away!
The jackal closely misses you. The jackal closely misses you.
You see here a deep dwarf skeleton.
You shoot an arrow. The arrow hits the jackal.
The jackal is moderately wounded.
The jackal barely misses you.
The jackal bites you but does no damage. x3
You shoot an arrow. The arrow misses the jackal.
The jackal barely misses you. The jackal misses you.
The jackal bites you but does no damage.
You shoot an arrow. The arrow closely misses the jackal.
The jackal barely misses you. The jackal closely misses you.
The jackal completely misses you. The jackal closely misses you.
You shoot an arrow. The arrow closely misses the jackal.
The jackal misses you. The jackal bites you. The jackal closely misses you.
The jackal bites you.
You shoot an arrow. The arrow closely misses the jackal.
The jackal barely misses you.
The jackal bites you but does no damage.
The goblin barely misses you. The jackal closely misses you.
You shoot an arrow. The arrow hits the jackal.
The jackal is almost dead.
The jackal bites you but does no damage. x2
An endoplasm comes into view.
The goblin completely misses you. The jackal bites you.
You shoot an arrow. The arrow hits the jackal.
You kill the jackal!
The jackal barely misses you. The goblin misses you.
The jackal barely misses you. The goblin hits you with a +0 dagger.
You shoot an arrow. The arrow hits the jackal.
The jackal is moderately wounded.
The jackal closely misses you. The jackal misses you.
The endoplasm jiggles.
The goblin hits you but does no damage.
You shoot an arrow. The arrow hits the jackal.
You kill the jackal!
The endoplasm freezes you.
You are frozen.
You die...

........#
#.##........
###.##......†
#.#........#
#.#.......#
#####...∩.[..##
###∩∩∩.#..#....∩#
###.........J....∩#
##...........@g...##
##.................#
#<...........÷.÷...#
#####...............
#∩∩##.###∩∩##.. ##


You could see an endoplasm and a goblin.

Vanquished Creatures
  3 jackals (D:1)
3 creatures vanquished.

Notes
Turn   | Place    | Note
-------+----------+-------------------------------------------
     0 | D:1      | bobo the Kobold Hunter began the quest for the Orb.
     0 | D:1      | Reached XP level 1. HP: 12/12 MP: 1/1
    35 | D:1      | Frozen to death by an endoplasm

Illustrated notes

Levels and vault maps discovered:
D:1:      amcnicky_arrival_abandoned_market, layout_basic

Action                     || total
---------------------------++-------
   Fire: Shortbow          ||    13
 Armour: Leather armour    ||     9
  Dodge: Dodged            ||    22

Table legend: (Time is in decaauts)
 A = Elapsed time spent in this place.
 B = Non-inter-level travel time spent in this place.
 C = Inter-level travel time spent in this place.
 D = Time resting spent in this place.
 E = Time spent auto-exploring this place.
 F = Levels seen in this place.
 G = Mean time per level.
                   A        B        C        D        E       F      G
               +--------+--------+--------+--------+--------+-----+--------+
         Total |     38 |     38 |      0 |      0 |     14 |   1 |   38.0 |
       Dungeon |     38 |     38 |      0 |      0 |     14 |   1 |   38.0 |
               +--------+--------+--------+--------+--------+-----+--------+

Top non-repeatable levels by time:
     D:1: 38 daAuts
